 Seeded DCSS version 0.30.1-9-gdf580d7c3d (webtiles) character file.

Game seed: 7229806256980976716 (custom seed)

22 Psyclone the Magician (level 3, -5/25 HPs)
             Began as a Djinni Necromancer on Oct 15, 2023.
             Killed by nerve-wracking pain
             ... invoked by a shadow imp
              (13 damage)
             ... on level 5 of the Dungeon.
             The game lasted 00:04:04 (506 turns).

Psyclone the Magician (Djinni Necromancer)           Turns: 506, Time: 00:04:04

Health: -5/25      AC:  4    Str:  6    XL:     3   Next: 7%
Gold:   42         EV: 12    Int: 22    God:
                   SH:  0    Dex: 12

rFire   + + .        (no weapon)
rCold   x . .        (no shield)
rNeg    . . .        a - +0 robe
rPois   ∞            (no helmet)
rElec   .            (no cloak)
rCorr   .            (no gloves)
SInv    .            (boots unavailable)
Will    .....        (no amulet)
Stlth   ++           (no ring)
HPRegen 0.24/turn    (no ring)
MPRegen 0.00/turn

%: infuse magic (-6 HP)
@: flying, studying Spellcasting
A: sickness immunity, fire resistance 2, cold vulnerability 1, float, innate
caster, HP casting, extra vitality 1, iridescent scales 1, clever 1, wild magic
1
a: no special abilities


You were on level 5 of the Dungeon.
You visited 1 branch of the dungeon, and saw 5 of its levels.

You collected 42 gold pieces.

Inventory:

Armour
 a - a +0 robe (worn)
Scrolls
 b - 2 scrolls of amnesia {unknown}
 d - a scroll of blinking {unknown}
Potions
 c - a potion of brilliance {unknown}


   Skills:
 - Level 2.1 Dodging
 - Level 1.5 Stealth
 + Level 4.4 Spellcasting


You knew the following spells:

 Your Spells              Type           Power      Damage    Failure   Level
a - Necrotise             Necr           100%       1d9       3%          1
b - Vampiric Draining     Necr           31%        2d8       9%          3
c - Animate Dead          Necr           31%        N/A       24%         4
d - Agony                 Necr           31%        N/A       52%         5
e - Kiss of Death         Conj/Necr      100%       2d13      3%          1
Your spell library was empty.

Dungeon Overview and Level Annotations

Branches:
Dungeon (5/15) Zot: 26978
 Temple: D:4-7

Altars:


Innate Abilities, Weirdness & Mutations

You are immune to sickness and miasma.
You are immune to poison.
Your flesh is very heat resistant. (rF++)
You are vulnerable to cold. (rC-)
You float through the air rather than walking.
You learn spells naturally, not from books.
Your magical power is your life essence.
You have superior vitality. (+4 MHP)
You are partially covered in iridescent scales. (AC +2)
Your mind is acute. (Int +4, Str/Dex -1)
Your spells are a little harder to cast, but a little more powerful.


Message History

You hit the shadow imp but do no damage.
The shadow imp is moderately wounded.
The shadow imp closely misses you.
You hit the shadow imp but do no damage.
The shadow imp is moderately wounded.
The shadow imp hits you but does no damage.
You hit the shadow imp but do no damage.
You punch the shadow imp.
The shadow imp is heavily wounded.
The shadow imp hits you.
You take 4 damage, and have 21/25 hp.
You closely miss the shadow imp.
The shadow imp is heavily wounded.
The shadow imp completely misses you.
You hit the shadow imp but do no damage.
The shadow imp is heavily wounded.
The shadow imp misses you.
You barely miss the shadow imp.
The shadow imp is heavily wounded.
The shadow imp hits you.
You take 4 damage, and have 18/25 hp.
You closely miss the shadow imp.
The shadow imp is heavily wounded.
The shadow imp gestures at you. Pain shoots through your body!
You take 7 damage, and have 11/25 hp.
MASSIVE DAMAGE!!
You hit the shadow imp.
The shadow imp is heavily wounded.
The shadow imp hits you.
You take 3 damage, and have 8/25 hp.
You hit the shadow imp but do no damage.
The shadow imp is heavily wounded.
The shadow imp gestures at you. Pain shoots through your body!
You completely miss the shadow imp.
The shadow imp is heavily wounded.
The shadow imp gestures at you. Pain shoots through your body!
Ouch! That really hurt!
You die...

######### ##
#........####.
#............
##...........
..#...........
#.#..........
#..........5####
#..........@...#
#..............#
#............# #
#............#
#.#............#
#.#..............
#.................
###.......###.....
#<.....!# .....


You could see a shadow imp.

Vanquished Creatures
  A worm (D:3)
  An endoplasm (D:2)
  2 giant cockroaches (D:3)
  2 hobgoblins (D:2)
  4 jackals (D:3)
  A quokka (D:3)
  A ball python (D:2)
  A rat (D:3)
13 creatures vanquished.

Vanquished Creatures (collateral kills)
  A worm (D:2)
1 creature vanquished.

Grand Total: 14 creatures vanquished

Notes
Turn   | Place    | Note
-------+----------+-------------------------------------------
     0 | D:1      | Psyclone the Djinni Necromancer began the quest for the
                  | Orb.
     0 | D:1      | Psyclone set off with the following spells memorised:
                  | Necrotise, Vampiric Draining, Animate Dead, Agony.
     0 | D:1      | Reached XP level 1. HP: 15/15 MP: 0/0
    48 | D:1      | Identified 3 scrolls of acquirement
    48 | D:1      | Acquired a manual of Spellcasting
    51 | D:1      | Acquired a manual of Spellcasting
    57 | D:1      | Acquired a manual of Spellcasting
   215 | D:1      | Gained mutation: You have hidden genetic defects. [potion
                  | of mutation]
   215 | D:1      | Lost mutation: You have hidden genetic defects. [potion of
                  | mutation]
   215 | D:1      | Gained mutation: You have hidden genetic potential. [potion
                  | of mutation]
   215 | D:1      | Gained mutation: You are partially covered in iridescent
                  | scales. (AC +2) [potion of mutation]
   284 | D:2      | Reached XP level 2. HP: 4/21 MP: 0/0
   289 | D:2      | Gained mutation: Your spells are a little harder to cast,
                  | but a little more powerful. [hidden potential]
   361 | D:3      | Reached skill level 4 in Spellcasting
   441 | D:3      | Reached XP level 3. HP: 17/25 MP: 0/0
   441 | D:3      | Learned a level 1 spell: Kiss of Death
   450 | D:3      | Gained mutation: Your mind is acute. (Int +4, Str/Dex -1)
                  | [hidden potential]
   450 | D:3      | Lost mutation: You have hidden genetic potential. [hidden
                  | potential expressed]
   479 | D:3      | You are sucked into a shaft and drop 1 floor!
   485 | D:5      | Entered Level 5 of the Dungeon
   506 | D:5      | Killed from afar by a shadow imp

Illustrated notes

Levels and vault maps discovered:
D:1:      spicycebolla_arrival_ecumenical, layout_loops_ring
D:2:      layout_basic
D:3:      layout_rooms, mainiacjoe_overflow_paths, gammafunk_ghost_necromancy
D:4:      layout_rooms, tso_metal_star, mainiacjoe_overflow_catwalk,
          elyvilon_altar_5, minmay_temple_entry_stoned_glass,
          nicolae_ossuary_entry_giza, minmay_misc_feat_square, minivault_4
D:5:      layout_basic

Skill      XL: |  1  2 |
---------------+-------+-----
Spellcasting   | 4 |  4.4
Dodging        | |  2.1
Stealth        | |  1.5

Action                     || total
---------------------------++-------
  Melee: Unarmed           ||    13
         Punch             ||     1
   Cast: Necrotise         ||    33
         Vampiric Draining ||     1
    Use: Scroll            ||     3
         Potion            ||     1
 Armour: Robe              ||     5
  Dodge: Dodged            ||    10
